 Dungeon Crawl Stone Soup version 0.21-a0-221-gfe971b9 (webtiles) character file.

555 Kidiri the Thaumaturge (level 7, 0/37 HPs)
             Began as a Deep Elf Fire Elementalist on Aug 24, 2017.
             Killed from afar by p0werm0de's ghost (9 damage)
             ... with a zap
             ... on level 4 of the Dungeon.
             The game lasted 00:16:27 (3241 turns).

Kidiri the Thaumaturge (Deep Elf Fire Elementalist) Turns: 3241, Time: 00:16:27

Health: 0/37       AC:  4    Str:  5    XL:     7   Next: 8%
Magic:  12/24      EV: 13    Int: 22    God:
Gold:   235        SH:  0    Dex: 15    Spells: 12/30 levels left

rFire    . . .     SeeInvis .   i - +4 dagger
rCold    . . .     Gourm    .   (no shield)
rNeg     . . .     Faith    .   a - +0 robe
rPois    .         Spirit   .   m - +1 helmet
rElec    .         Reflect  .   (no cloak)
rCorr    .         Harm     .   (no gloves)
MR       .....     Clarity  +   (no boots)
Stlth    +++.......             g - amulet of magic regeneration
HPRegen  0.12/turn              r - ring of stealth
MPRegen  0.44/turn              (no ring)

@: drained
A: talons 1, clarity
a: no special abilities


You were on level 4 of the Dungeon.
You were not hungry.

You visited 1 branch of the dungeon, and saw 4 of its levels.

You collected 235 gold pieces.

Inventory:

Hand Weapons
 i - a +4 dagger (weapon)
 j - a +0 dagger of freezing
Armour
 a - a +0 robe (worn)
 f - a +1 leather armour of cold resistance
 m - a +1 helmet (worn)
Jewellery
 g - an amulet of magic regeneration (around neck)
 r - a ring of stealth (left hand)
Scrolls
 e - 2 scrolls of teleportation
Potions
 d - a potion of haste
 n - a potion of flight {unknown}
 o - a potion of agility {unknown}
 p - a potion of brilliance {unknown}
 q - 2 potions of heal wounds {unknown}
Books
 b - a book of Flames

   Spells                             Type                      Level
   a - Flame Tongue                   Conjuration/Fire             1
   b - Throw Flame                    Conjuration/Fire             2
   c - Conjure Flame                  Conjuration/Fire             3
   d - Inner Flame                    Hexes/Fire                   3
   e - Sticky Flame                   Conjuration/Fire             4
   f - Fireball                       Conjuration/Fire             5
Comestibles
 c - 2 bread rations


   Skills:
 + Level 0.7(0.5) Fighting
 + Level 0.2(0.0) Short Blades
 + Level 0.1(0.0) Armour
 + Level 2.8(2.6) Dodging
 - Level 2.4(2.2) Stealth
 * Level 12.3(12.1) Spellcasting
 + Level 7.2(7.0) Conjurations
 + Level 7.9(7.8) Fire Magic


You had 12 spell levels left.
You knew the following spells:

 Your Spells              Type           Power        Failure   Level  Hunger
a - Flame Tongue          Conj/Fire      #####        1%          1    None
b - Throw Flame           Conj/Fire      #####.       1%          2    None
c - Conjure Flame         Conj/Fire      #####...     1%          3    None
d - Inner Flame           Hex/Fire       ####....     3%          3    None
e - Sticky Flame          Conj/Fire      #####...     2%          4    None
f - Fireball              Conj/Fire      #####.....   6%          5    ####...


Dungeon Overview and Level Annotations

Branches:
Dungeon (4/15)
 Temple: D:4-7

Altars:
Ashenzari
Xom

Annotations:
D:4 p0werm0de's ghost, amateur DsAE


Innate Abilities, Weirdness & Mutations

You have sharp toenails.
You possess an exceptional clarity of mind.


Message History

a hand axe; a leather armour; an orc corpse A ball python comes into view.
The jackal bites you.
* * * LOW HITPOINT WARNING * * *
Unknown command.
The jackal bites you.
* * * LOW HITPOINT WARNING * * *
Casting: Conjure Flame
Confirm with . or Enter, or press ? or * to list all spells.
Aiming: Flame Tongue
Press: ? - help, Shift-Dir - straight line, f - ball python
Aim: a ball python The flame tongue hits the ball python.
You kill the ball python!
The jackal closely misses you.
P0werm0de's ghost points at you and mumbles some strange words.
The zap hits the jackal.
The jackal dies!
The zap hits you!
You die...

#........# .####
.##........## ...#
............ ...#
#.#.......# #..#
###.#....(..# #..#
....#.......#####<.#
#...............# #
###<##...########.#
#.###..@†.#.## .#
.......†..#.# .#
#...........# .#
####......### .#
##......# .#
......#)###
####..#%# ....#W#
####.#.#


You could see p0werm0de's ghost.

Vanquished Creatures
  The ghost of Nattefrost the Slasher, an amateur DsGl (D:3)
  An ogre (D:4)
  An orc wizard (D:3)
  An orc priest (D:3)
  A hound (D:4)
  2 worker ants (D:4)
  4 adders
  An ooze (D:2)
  4 worms
  9 orcs
  2 giant cockroaches
  7 goblins
  8 hobgoblins
  A jackal (D:4)
  A quokka (D:3)
  2 ball pythons
  12 bats
  5 frilled lizards
  7 kobolds
  A leopard gecko zombie (D:4)
  7 rats
78 creatures vanquished.

Vanquished Creatures (others)
  A jackal (D:4)
1 creature vanquished.

Grand Total: 79 creatures vanquished

Notes
Turn   | Place    | Note
-------+----------+-------------------------------------------
     0 | D:1      | Kidiri the Deep Elf Fire Elementalist began the quest for the Orb.
     0 | D:1      | Reached XP level 1. HP: 10/10 MP: 6/6
   156 | D:1      | Found a bloodstained altar of Trog.
   158 | D:1      | Found an ancient bone altar of Kikubaaqudgha.
   158 | D:1      | Found a hide-covered altar of Uskayaw.
   160 | D:1      | Found a snail-covered altar of Cheibriados.
   160 | D:1      | Found a hazy altar of Hepliaklqana.
   160 | D:1      | Found a shimmering altar of Xom.
   361 | D:1      | Reached XP level 2. HP: 15/15 MP: 5/8
   365 | D:1      | Learned a level 2 spell: Throw Flame
  1086 | D:2      | Reached skill level 4 in Spellcasting
  1086 | D:2      | Reached XP level 3. HP: 19/19 MP: 8/10
  1283 | D:2      | Learned a level 3 spell: Conjure Flame
  1287 | D:2      | Learned a level 3 spell: Inner Flame
  1980 | D:3      | Noticed Nattefrost's ghost (amateur DsGl)
  1985 | D:3      | Reached XP level 4. HP: 24/24 MP: 5/12
  1985 | D:3      | Killed Nattefrost's ghost
  1985 | D:3      | Reached skill level 5 in Spellcasting
  1985 | D:3      | Reached XP level 5. HP: 28/28 MP: 6/15
  1991 | D:3      | Learned a level 4 spell: Sticky Flame
  2011 | D:3      | Reached skill level 12 in Spellcasting
  2011 | D:3      | Reached XP level 6. HP: 29/32 MP: 15/23
  2018 | D:3      | Learned a level 5 spell: Fireball
  2602 | D:3      | Found a shattered altar of Ashenzari.
  3186 | D:4      | Noticed p0werm0de's ghost (amateur DsAE)
  3193 | D:4      | Reached XP level 7. HP: 11/37 MP: 7/24
  3204 | D:4      | Gained mutation: You are weak. (Str -2) [potion of mutation]
  3204 | D:4      | Gained mutation: You evolve. [potion of mutation]
  3204 | D:4      | Gained mutation: You possess an exceptional clarity of mind. [potion of mutation]
  3205 | D:4      | Lost mutation: You are weak. (Str -2) [potion of mutation]
  3205 | D:4      | Lost mutation: You evolve. [potion of mutation]
  3205 | D:4      | Lost mutation: You possess an exceptional clarity of mind. [potion of mutation]
  3205 | D:4      | Gained mutation: You possess an exceptional clarity of mind. [potion of mutation]
  3205 | D:4      | Gained mutation: You are weak. (Str -2) [potion of mutation]
  3205 | D:4      | Lost mutation: You are weak. (Str -2) [potion of mutation]
  3205 | D:4      | Gained mutation: You have sharp toenails. [potion of mutation]
  3241 | D:4      | Killed from afar by p0werm0de's ghost

Vault maps used:
D:1:      wheals_arrival_shading, doesnt_xom_only_xom
D:3:      old_standard_altar, kennysheep_generic_room_6
D:4:      minmay_temple_entry_fiery, serial_shops, shop

Skill      XL: |  1  2  3  4  5 |
---------------+----------------+-----
Spellcasting   | 4 5 12 | 12.3
Fire Magic     | 4 7 |  7.9
Conjurations   | 2 7 |  7.2
Fighting       | |  0.7
Short Blades   | |  0.2
Armour         | |  0.1
Dodging        | |  2.8
Stealth        | |  2.4

Action                   |  1- 3 |  4- 6 |  7- 9 || total
-------------------------+-------+-------+-------++-------
Melee: Unarmed           |     3 |       |       ||     3
       Dagger            |    10 |    13 |     2 ||    25
 Cast: Flame Tongue      |    67 |    35 |    11 ||   113
       Throw Flame       |     3 |    13 |       ||    16
       Conjure Flame     |     1 |     2 |     1 ||     4
       Inner Flame       |     1 |     1 |       ||     2
       Sticky Flame      |       |     3 |     1 ||     4
       Fireball          |       |     1 |       ||     1
  Use: Scroll            |     3 |     5 |       ||     8
       Potion            |       |     1 |     3 ||     4
 Stab: Sleeping          |     4 |     4 |       ||     8
  Eat: Chunk             |     3 |       |       ||     3
       Bread ration      |       |     1 |       ||     1
Armor: Robe              |    17 |     4 |     3 ||    24
Dodge: Dodged            |    28 |    17 |    13 ||    58

Table legend:
 A = Spawn XP
 B = Non-spawn XP
 C = Spawn XP percentage of total XP
 D = Spawn monster count
 E = Non-spawn monster count
 F = Spawn count percentage of total count
 G = Total turns spent on level
                    A         B        C        D         E        F      G
               +---------+---------+-------+---------+---------+-------+---------
         Total |      65 |     529 |  10.9 |      12 |      66 |  15.4 |  3241
               +---------+---------+-------+---------+---------+-------+---------
           D:1 |       9 |      27 |  25.0 |       4 |      20 |  16.7 |  1295
           D:2 |       4 |      56 |   6.7 |       2 |      13 |  13.3 |   685
           D:3 |      52 |     211 |  19.8 |       6 |      24 |  20.0 |  1177
           D:4 |       0 |     235 |   0.0 |       0 |       9 |   0.0 |    84
               +---------+---------+-------+---------+---------+-------+---------
